 Dungeon Crawl Stone Soup version 0.23-a0-629-gae4348f (webtiles) character file.

77 galech the Skirmisher (level 4, -10/35 HPs)
             Began as a Demonspawn Fighter on Dec 26, 2018.
             Killed by nerve-wracking pain
             ... invoked by Jessica
              (13 damage)
             ... on level 3 of the Dungeon.
             The game lasted 00:01:54 (1746 turns).

galech the Skirmisher (Demonspawn Fighter)          Turns: 1746, Time: 00:01:55

Health: -10/35     AC: 10    Str: 22    XL:     4   Next: 14%
Magic:  4/4        EV:  1    Int:  9    God:
Gold:   96         SH: 12    Dex: 13    Spells: 3/3 levels left

rFire    . . .     SeeInvis .   a - +0 war axe
rCold    . . .     Gourm    .   r - +0 large shield
rNeg     . . .     Faith    .   g - +0 plate armour
rPois    .         Spirit   .   (no helmet)
rElec    .         Reflect  .   (no cloak)
rCorr    .         Harm     .   (no gloves)
MR       .....                  (no boots)
Stlth    ..........             t - amulet of regeneration
HPRegen  0.51/turn              (no ring)
MPRegen  0.09/turn              (no ring)

@: mighty, heavily drained
A: talons 1, powered by pain 1
a: no special abilities


You were on level 3 of the Dungeon.
You were not hungry.

You visited 1 branch of the dungeon, and saw 3 of its levels.

You collected 96 gold pieces.

Inventory:

Hand Weapons
 a - a +0 war axe (weapon)
Armour
 c - a +0 shield
 g - a +0 plate armour (worn)
 r - a +0 large shield (worn)
Jewellery
 o - an uncursed amulet of harm
 t - an amulet of regeneration (around neck)
Scrolls
 e - a scroll of immolation {unknown}
 i - a scroll of blinking {unknown}
 j - 5 scrolls of identify {unknown}
 l - a scroll of random uselessness {unknown}
 m - a scroll of magic mapping {unknown}
 n - a scroll of amnesia {unknown}
 p - a scroll of enchant weapon {unknown}
 q - 3 scrolls of noise {unknown}
 s - a scroll of teleportation {unknown}
Potions
 b - a potion of resistance {unknown}
 h - a potion of curing {unknown}
 k - a potion of lignification
Comestibles
 d - 5 chunks of flesh
 f - 4 rations


   Skills:
 + Level 3.3(0.7) Fighting
 + Level 2.8(0.3) Axes
 + Level 3.2(0.6) Armour
 + Level 3.2(0.7) Shields


You had 3 spell levels left.
You didn't know any spells.
Your spell library was empty.

Dungeon Overview and Level Annotations

Branches:
Dungeon (3/15)

Altars:
Fedhas

Annotations:
D:3 Jessica


Innate Abilities, Weirdness & Mutations

You have sharp toenails.
You sometimes gain a little power by taking damage.


Message History

Jessica is severely wounded.
You block Jessica's attack. x2
Jessica hits you with a +2 dagger of draining.
You feel drained.
Your shield and plate armour prevent you from hitting Jessica.
You claw Jessica.
Jessica is almost dead.
Jessica hits you but does no damage.
You feel drained.
Jessica mumbles some strange words.
Jessica blinks!
Jessica points at you and mumbles some strange words.
You barely resist. Jessica gestures at you while chanting.
Pain shoots through your body!
* * * LOW HITPOINT WARNING * * *
You focus on the pain.
You feel very mighty all of a sudden.
Jessica points at you and mumbles some strange words.
Pain shoots through your body!
You die...

#.# #......#####
##.###..........#
#......##.#####.##
#....)....# #....
#.######### #<.##
#@# #..# #.# #..#
#.# #..# #@# #...
#.# #..## #.# #..#
#.# #..# #.# ...
.## .


You could see Jessica.

Vanquished Creatures
  2 adders (D:2)
  3 worms (D:2)
  2 leopard geckos
  3 bats (D:1)
  3 giant cockroaches (D:1)
  7 goblins
  5 hobgoblins
  3 jackals (D:2)
  10 kobolds
  3 frilled lizards (D:1)
  5 rats (D:1)
46 creatures vanquished.

Notes
Turn   | Place    | Note
-------+----------+-------------------------------------------
     0 | D:1      | galech the Demonspawn Fighter began the quest for the Orb.
     0 | D:1      | Reached XP level 1. HP: 18/18 MP: 1/1
   209 | D:1      | Gained mutation: You have sharp toenails. [demonic
                  | ancestry]
   209 | D:1      | Reached XP level 2. HP: 24/24 MP: 2/2
   610 | D:1      | Gained mutation: You sometimes gain a little power by
                  | taking damage. [demonic ancestry]
   610 | D:1      | Reached XP level 3. HP: 29/29 MP: 3/3
   845 | D:2      | Found a blossoming altar of Fedhas.
  1575 | D:2      | Reached XP level 4. HP: 35/35 MP: 4/4
  1733 | D:3      | Noticed Jessica
  1746 | D:3      | Killed from afar by Jessica

Vault maps used:
D:1:      psy_arrival_radial02
D:2:      fedhas_altar_3
D:3:      grunt_ministairs_11, uniq_jessica

Skill      XL: |  1  2 |
---------------+-------+-----
Axes           | 2 |  2.8
Shields        | 3 |  3.2
Armour         | 3 |  3.2
Fighting       | |  3.3

Action                   |  1- 3 |  4- 6 || total
-------------------------+-------+-------++-------
Melee: War axe           |   133 |    19 ||   152
       Kick              |    21 |     6 ||    27
  Use: Potion            |     2 |       ||     2
  Eat: Chunk             |     2 |     1 ||     3
Armor: Plate armour      |    97 |    11 ||   108
       Scale mail        |     3 |       ||     3
Dodge: Dodged            |    20 |       ||    20
Block: Shield            |    74 |       ||    74
       Large shield      |     1 |    14 ||    15

Table legend:
 A = Non-vault XP
 B = Vault XP
 C = Vault XP percentage of total XP
 D = Non-vault monster count
 E = Vault monster count
 F = Vault count percentage of total count
                 A         B        C        D         E       F
            +---------+---------+-------+---------+---------+-------
      Total |     111 |       0 |   0.0 |      46 |       0 |   0.0
            +---------+---------+-------+---------+---------+-------
        D:1 |      43 |       0 |   0.0 |      27 |       0 |   0.0
        D:2 |      68 |       0 |   0.0 |      19 |       0 |   0.0
            +---------+---------+-------+---------+---------+-------
